 Dungeon Sprint DCSS version 0.22-a0-414-gacd343e (webtiles) character file.

9492 Mgcat the Warrior (level 11, -3/113 HPs)
             Began as a Hill Orc Fighter on May 13, 2018.
             Was the Champion of Dithmenos.
             Shot with a bolt by an orc knight (10 damage)
             ... in the Dungeon (Sprint IX: "|||||||||||||||||||||||||||||").
             The game lasted 00:09:17 (2660 turns).

Mgcat the Warrior (Hill Orc Fighter)                Turns: 2660, Time: 00:09:18

Health: -3/113     AC: 21    Str: 23    XL:     11   Next: 47%
Magic:  11/17      EV:  7    Int: 11    God:    Dithmenos [******]
Gold:   661        SH:  0    Dex: 13    Spells: 10/10 levels left

rFire    . . .     SeeInvis .   v - +2 dire flail (crush)
rCold    . . .     Gourm    .   (shield currently unavailable)
rNeg     + + +     Faith    .   h - +0 plate armour
rPois    ∞         Spirit   .   d - +0 helmet
rElec    .         Reflect  .   e - +0 cloak
rCorr    .         Harm     .   r - +0 pair of gloves
MR       +++++     NoTele   +   (no boots)
Stlth    ..........             (no amulet)
HPRegen  0.28/turn              t - +3 ring of dexterity
MPRegen  0.15/turn              u - +3 ring of intelligence

@: shadow-form, wreathed by umbra, drained, invisible
A: no striking features
a: End Transformation, Shadow Step, Shadow Form, Renounce Religion


You were in the Dungeon.
You worshipped Dithmenos.
Dithmenos was exalted by your worship.
You were not hungry.
You were a swirling mass of dark shadows.
You visited 1 branch You collected 661 gold pieces.

Inventory:

Hand Weapons
 v - a +2 dire flail of crushing (weapon)
   (You found it in the Dungeon)
Armour
 c - a +0 shield
 d - a +0 helmet (worn)
   (You found it in the Dungeon)
 e - a +0 cloak (worn)
   (You found it in the Dungeon)
 h - a +0 plate armour (worn)
   (You took it off an orc warrior in the Dungeon)
 r - a +0 pair of gloves (worn)
   (You found it in the Dungeon)
Magical Staves
 p - an uncursed staff of energy {+MP, hungerless spells, !d!a@w1}
   (You found it in the Dungeon)
Jewellery
 l - an uncursed ring of wizardry {Wiz+, !d}
   (You found it in the Dungeon)
 t - a +3 ring of dexterity (left hand)
   (You found it in the Dungeon)
 u - a +3 ring of intelligence (right hand)
   (You found it in the Dungeon)
Wands
 q - a wand of iceblast (10)
   (You found it in the Dungeon)
Scrolls
 k - 2 scrolls of blinking {!r}
 m - 3 scrolls of identify
 n - 4 scrolls of remove curse
 o - 2 scrolls of amnesia
 s - 2 scrolls of fear
 w - a scroll of fog
Potions
 b - a potion of mutation {!q}
 i - 4 potions of magic
Comestibles
 a - 7 chunks of flesh {@w0}
 f - 12 rations


   Skills:
 + Level 15.5(15.0) Fighting
 - Level 14.0(13.5) Maces & Flails
 + Level 14.4(13.9) Armour
 + Level 6.1(5.7) Stealth
 + Level 14.4(13.9) Shields
 + Level 8.7(8.3) Invocations


You had 10 spell levels left.
You didn't know any spells.
Your spell library was empty.

Dungeon Overview and Level Annotations

Branches:
Dungeon (1/1)

Altars:
Cheibriados
Dithmenos
Elyvilon
Fedhas
Gozag
Hepliaklqana
Kikubaaqudgha
Makhleb
Nemelex Xobeh
Okawaru
Qazlal
Ru
Sif Muna
Trog
Uskayaw
Vehumet
Wu Jian
Xom
Yredelemnul
Zin
The Shining One
Beogh
Jiyva
Lugonu


Message History

You barely miss the orc high priest.
The orc high priest is heavily wounded.
Your shadow misses the orc high priest. The orc high priest barely misses you.
You puncture the orc high priest!
The orc high priest threatens, "By the altar or by the axe, you will meet Beogh!"
The orc high priest is severely wounded.
Your shadow hits the orc high priest but does no damage.
You impale the orc high priest!!
You kill the orc high priest!
Dithmenos accepts your kill.
An orc warrior comes into view. It is wielding a halberd.
You hit the orc warrior.
The orc warrior is lightly wounded.
You bludgeon the orc warrior!!
You kill the orc warrior!
Dithmenos accepts your kill.
Your Stealth skill increases to level 6!
Your plate armour prevents you from hitting the orc warrior.
The orc warrior hits you with a hand axe!
An orc knight comes into view. It is wielding a great sword.
The orc knight shouts!
You puncture the orc warrior!
The orc warrior is heavily wounded.
Your shadow hits the orc warrior with a dire flail.
You sock the orc warrior!
You kill the orc warrior!
Dithmenos accepts your kill.
The orc knight roars a battlecry!
The orcs go into a battle-frenzy!
You hit the orc warrior.
The orc warrior is lightly wounded.
Your shadow hits the orc warrior with a dire flail.
You sock the orc warrior!
The orc warrior is severely wounded.
The orc warrior hits you with a hand axe!
The orc wizard mumbles some strange words.
The orc wizard flickers and vanishes!
Deactivating autopickup; reactivate with Ctrl-A.
You bludgeon the orc warrior!!
You kill the orc warrior!
Dithmenos accepts your kill. Something hits you but does no damage.
An orc wizard comes into view. It is wielding a dagger.
Items here: $ ))))) [[[[ †† Your plate armour prevents you from hitting something.
Your shadow barely misses something.
The orc wizard shouts!
The orc warrior barely misses you.
You miss something.
Your shadow barely misses something.
Something hits you but does no damage.
You miss something.
The orc warrior hits you from afar with a halberd!!
* * * LOW HITPOINT WARNING * * *
You emit a cloud of dark smoke.
You thump something! Dithmenos accepts your kill.
Reactivating autopickup.
You feel a bit more experienced.
Okay, then.
Unknown command.
Items here: $ )) [ † a dire flail; a plate armour; an enchanted short sword; 50 gold pieces an orc corpse
There is an open door, spattered with blood here.
Things that are here:
a dire flail; a plate armour; an orc corpse
Things that are here:
a mace; a leather armour You see here a flail.
The orc wizard no longer looks unusually strong.
The orc wizard casts a spell.
The orc wizard flickers and vanishes!
Deactivating autopickup; reactivate with Ctrl-A.
The orc warrior no longer looks unusually strong.
Items here: ))) [[ a dagger; a robe; a club; a ring mail; a whip The orc knight roars a battlecry!
The orc warrior goes into a battle-frenzy!
Items here: ))) [[ a short sword; a scale mail; a hand axe; a short sword; a plate armour
There is an open door to the Orcish Mines, spattered with blood here.
Things that are here:
an enchanted battleaxe; a chain mail; a mace The orc warrior hits you from afar with a halberd!!
* * * LOW HITPOINT WARNING * * *
You emit a cloud of dark smoke.
Items here: )) [[ an enchanted dagger; a robe; a dagger; a glowing robe You turn into a swirling mass of dark shadows.
You feel drained.
You fade into the shadows.
The orc knight unwields an uncursed great sword.
The orc knight wields an arbalest.
The orc knight shoots a bolt.
The bolt hits the orc warrior!!
The orc warrior dies!
The orc knight shoots a bolt.
The bolt hits you!
* * * LOW HITPOINT WARNING * * *
You emit a cloud of dark smoke.
You feel drained.
You see here a bolt.
The orc knight shoots a bolt.
The bolt hits you!!
You die...

▓o▓.▓.▓.▓'▓
▓)▓.▓.▓.▓.▓
▓§▓.▓.▓.▓.▓
▓§▓.▓?▓.▓.▓
▓§▓.▓.▓.▓.▓
▓§▓.▓.▓.▓)▓
▓§▓.▓.▓.▓'▓
▓§▓.▓.▓.▓(▓
▓{▓W▓.▓.▓.▓
▓o▓.▓'▓.▓.▓
▓.▓.▓.▓.▓.▓
▓.▓.▓.▓.▓.▓
▓.▓.▓.▓.▓)▓
▓§▓.▓.▓.▓.▓
▓§▓.▓.▓.▓.▓
▓§▓o▓.▓.▓.▓
▓§§.▓...▓<▓


You could see an orc knight.

Vanquished Creatures
  2 hydras (D)
  Erica (D)
  2 orc high priests (D)
  An orc knight (D)
  A lindwurm (D)
  A black mamba (D)
  5 spiny frogs (D)
  A komodo dragon (D)
  2 trolls (D)
  2 tyrant leeches (D)
  A blink frog (D)
  A dream sheep (D)
  A slime creature (D)
  A yak (D)
  A vampire mosquito (D)
  3 water moccasins (D)
  8 orc warriors (D)
  A wolf (D)
  A centaur (D)
  A crocodile (D)
  8 bullfrogs (D)
  2 wights (D)
  4 orc wizards (D)
  A shadow imp (D)
  A worm (D)
  8 orcs (D)
  A bat (D)
  A bat skeleton (D)
  2 bat zombies (D)
  2 giant cockroaches (D)
  A jackal (D)
  2 frilled lizards (D)
  A goblin (D)
71 creatures vanquished.

Vanquished Creatures (others)
  An orc warrior (D)
1 creature vanquished.

Grand Total: 72 creatures vanquished

Notes
Turn   | Place    | Note
-------+----------+-------------------------------------------
     0 | D        | Mgcat the Hill Orc Fighter began the quest for the Orb.
     0 | D        | Reached XP level 1. HP: 19/19 MP: 1/1
     9 | D        | Reached skill level 4 in Fighting
    24 | D        | Noticed a centaur
    30 | D        | Reached skill level 3 in Maces & Flails
    30 | D        | Reached XP level 2. HP: 14/28 MP: 2/2
    33 | D        | Reached skill level 4 in Armour
    33 | D        | Reached skill level 4 in Shields
    42 | D        | HP: 7/28 [centaur/enchanted shortbow (1)]
    44 | D        | HP: 3/28 [centaur/enchanted shortbow (5)]
    48 | D        | Killed a centaur
    48 | D        | Reached skill level 6 in Fighting
    48 | D        | Reached skill level 5 in Maces & Flails
    48 | D        | Reached skill level 5 in Armour
    48 | D        | Reached skill level 5 in Shields
    48 | D        | Reached XP level 3. HP: 24/37 MP: 3/3
    48 | D        | Reached XP level 4. HP: 28/44 MP: 4/4
   112 | D        | Found a roughly hewn altar of Beogh.
   112 | D        | Found a snail-covered altar of Cheibriados.
   112 | D        | Found a shadowy altar of Dithmenos.
   112 | D        | Found a white marble altar of Elyvilon.
   112 | D        | Found a blossoming altar of Fedhas.
   112 | D        | Found an opulent altar of Gozag.
   113 | D        | Found a hazy altar of Hepliaklqana.
   114 | D        | Found a viscous altar of Jiyva.
   115 | D        | Found an ancient bone altar of Kikubaaqudgha.
   116 | D        | Found a corrupted altar of Lugonu.
   117 | D        | Became a worshipper of Dithmenos the Shadowed
   118 | D        | Found a burning altar of Makhleb.
   119 | D        | Found a sparkling altar of Nemelex Xobeh.
   120 | D        | Found an iron altar of Okawaru.
   121 | D        | Found a stormy altar of Qazlal.
   122 | D        | Found a sacrificial altar of Ru.
   123 | D        | Found a deep blue altar of Sif Muna.
   124 | D        | Found a bloodstained altar of Trog.
   125 | D        | Found a hide-covered altar of Uskayaw.
   126 | D        | Found a radiant altar of Vehumet.
   127 | D        | Found an ornate altar of the Wu Jian Council.
   128 | D        | Found a shimmering altar of Xom.
   129 | D        | Found a basalt altar of Yredelemnul.
   130 | D        | Found a glowing silver altar of Zin.
   131 | D        | Found a glowing golden altar of the Shining One.
   195 | D        | Noticed a bullfrog
   195 | D        | Noticed a troll
   213 | D        | Killed a troll
   213 | D        | Reached skill level 8 in Fighting
   213 | D        | Reached skill level 7 in Maces & Flails
   213 | D        | Reached skill level 7 in Armour
   213 | D        | Reached skill level 7 in Shields
   213 | D        | Reached XP level 5. HP: 15/56 MP: 5/5
   213 | D        | Reached XP level 6. HP: 17/62 MP: 6/6
   218 | D        | Reached skill level 9 in Fighting
   218 | D        | Reached skill level 8 in Armour
   218 | D        | Reached skill level 8 in Shields
   223 | D        | Reached * piety under Dithmenos
   229 | D        | Reached skill level 8 in Maces & Flails
   230 | D        | Reached XP level 7. HP: 47/70 MP: 7/7
   231 | D        | Reached ** piety under Dithmenos
   366 | D        | Noticed a slime creature
   366 | D        | Noticed a troll
   374 | D        | Reached skill level 9 in Armour
   374 | D        | Reached skill level 9 in Shields
   379 | D        | Killed a troll
   379 | D        | Reached *** piety under Dithmenos
   379 | D        | Reached skill level 10 in Fighting
   379 | D        | Reached skill level 9 in Maces & Flails
   382 | D        | HP: 17/73 [slime creature (11)]
   385 | D        | Killed a slime creature
   385 | D        | Reached skill level 10 in Armour
   385 | D        | Reached skill level 10 in Shields
   385 | D        | Reached XP level 8. HP: 19/81 MP: 8/8
   388 | D        | HP: 12/81 [orc warrior/mace (2)]
   390 | D        | Reached skill level 11 in Fighting
   390 | D        | Reached skill level 10 in Maces & Flails
   728 | D        | Noticed Erica
   747 | D        | Killed Erica
   747 | D        | Reached skill level 12 in Fighting
   747 | D        | Reached skill level 11 in Armour
   747 | D        | Reached skill level 11 in Shields
   747 | D        | Reached XP level 9. HP: 31/90 MP: 9/9
  1033 | D        | Noticed a seven-headed hydra
  1033 | D        | Noticed a spiny frog
  1033 | D        | Noticed a black mamba
  1034 | D        | Killed a black mamba
  1034 | D        | Reached **** piety under Dithmenos
  1034 | D        | Reached skill level 11 in Maces & Flails
  1037 | D        | Noticed a komodo dragon
  1043 | D        | Killed a seven-headed hydra
  1043 | D        | Reached skill level 13 in Fighting
  1043 | D        | Reached skill level 12 in Maces & Flails
  1043 | D        | Reached skill level 12 in Armour
  1043 | D        | Reached skill level 12 in Shields
  1045 | D        | Killed a spiny frog
  1054 | D        | Reached ***** piety under Dithmenos
  1054 | D        | Reached XP level 10. HP: 95/101 MP: 10/10
  1090 | D        | Noticed a spiny frog
  1090 | D        | Noticed a lindwurm
  1090 | D        | Noticed an eight-headed hydra
  1093 | D        | HP: 16/102 [eight-headed hydra (10)]
  1096 | D        | Noticed a spiny frog
  1098 | D        | HP: 25/102 [eight-headed hydra (3)]
  1099 | D        | HP: 9/102 [eight-headed hydra (7)]
  1100 | D        | Killed an eight-headed hydra
  1100 | D        | Reached skill level 14 in Fighting
  1100 | D        | Reached skill level 13 in Armour
  1100 | D        | Reached skill level 2 in Stealth
  1100 | D        | Reached skill level 13 in Shields
  1100 | D        | Reached skill level 3 in Invocations
  1121 | D        | Killed a lindwurm
  1121 | D        | Reached skill level 13 in Maces & Flails
  1121 | D        | Reached skill level 3 in Stealth
  1121 | D        | Reached skill level 4 in Invocations
  1125 | D        | Killed a spiny frog
  1125 | D        | Reached ****** piety under Dithmenos
  1128 | D        | Killed a spiny frog
  1128 | D        | Reached skill level 5 in Invocations
  1132 | D        | HP: 25/104 [water moccasin (3)]
  1137 | D        | HP: 18/104 [poisoned by a water moccasin]
  1142 | D        | HP: 15/104 [poisoned by a water moccasin]
  1149 | D        | HP: 14/104 [poisoned by a water moccasin]
  1154 | D        | HP: 14/104 [poisoned by a water moccasin]
  1501 | D        | Noticed a spiny frog
  1501 | D        | Noticed a spiny frog
  1507 | D        | Killed a spiny frog
  1507 | D        | Reached skill level 4 in Stealth
  1509 | D        | Reached skill level 6 in Invocations
  1524 | D        | Killed a spiny frog
  1524 | D        | Reached XP level 11. HP: 62/111 MP: 15/15
  1528 | D        | HP: 27/111 [tyrant leech (23)]
  1535 | D        | HP: 36/166 [poisoned by a spiny frog]
  1535 | D        | HP: 11/166 [tyrant leech (25)]
  1542 | D        | HP: 7/111 [poisoned by a spiny frog]
  1548 | D        | HP: 8/111 [poisoned by a spiny frog]
  1933 | D        | HP: 18/111 [tyrant leech (26)]
  2495 | D        | Noticed an orc knight
  2504 | D        | Killed an orc knight
  2504 | D        | Reached skill level 15 in Fighting
  2504 | D        | Reached skill level 5 in Stealth
  2504 | D        | Reached skill level 7 in Invocations
  2511 | D        | Reached skill level 14 in Armour
  2511 | D        | Reached skill level 14 in Shields
  2582 | D        | Noticed an orc high priest
  2582 | D        | Noticed an orc high priest
  2596 | D        | Killed an orc high priest
  2596 | D        | Reached skill level 14 in Maces & Flails
  2599 | D        | Reached skill level 8 in Invocations
  2609 | D        | Killed an orc high priest
  2611 | D        | Reached skill level 6 in Stealth
  2613 | D        | Noticed an orc knight
  2621 | D        | HP: 24/113 [orc warrior/halberd (33)]
  2639 | D        | HP: 5/113 [orc warrior/halberd (24)]
  2651 | D        | HP: 4/113 [orc knight/bolt (4)]
  2660 | D        | Shot with a bolt by an orc knight

Vault maps used:
D:        linesprint

Skill      XL: |  1  2  3  4  5  6  7  8  9 10 11 |
---------------+----------------------------------+-----
Fighting       | 4 6 8 9 10 12 13 14 15 | 15.5
Maces & Flails | 3 5 7 8 9 10 12 13 14 | 14.0
Armour         | 5 7 8 10 11 12 13 14 | 14.4
Shields        | 5 7 8 10 11 12 13 14 | 14.4
Stealth        | 4 6 |  6.1
Invocations    | 6 8 |  8.7

Action                   |  1- 3 |  4- 6 |  7- 9 | 10-12 || total
-------------------------+-------+-------+-------+-------++-------
Melee: Flail             |    34 |     4 |       |       ||    38
       Dire flail        |       |    29 |    60 |   186 ||   275
Invok: Shadow Form       |       |       |       |     1 ||     1
  Use: Potion            |     1 |     6 |       |    10 ||    17
 Stab: Invisible         |       |       |       |     8 ||     8
  Eat: Chunk             |       |       |       |     6 ||     6
Armor: Scale mail        |    17 |     5 |       |       ||    22
       Chain mail        |       |    19 |    10 |       ||    29
       Plate armour      |       |       |    15 |    61 ||    76
Dodge: Dodged            |     7 |    16 |    13 |    53 ||    89
Block: Shield            |    16 |     3 |       |       ||    19

Table legend:
 A = Spawn XP
 B = Non-spawn XP
 C = Spawn XP percentage of total XP
 D = Spawn monster count
 E = Non-spawn monster count
 F = Spawn count percentage of total count
 G = Total turns spent on level
                    A         B        C        D         E        F      G
               +---------+---------+-------+---------+---------+-------+---------
         Total |       0 |   13561 |   0.0 |       0 |      71 |   0.0 |  2660
               +---------+---------+-------+---------+---------+-------+---------
             D |       0 |   13561 |   0.0 |       0 |      71 |   0.0 |  2660
               +---------+---------+-------+---------+---------+-------+---------

Vault maps used:
D:        linesprint

Table legend:
 A = Turns spent in this place as a percentage of turns spent in the entire game.
 B = Non-inter-level travel turns spent in this place as a percentage of non-inter-level travel turns spent in the entire game.
 C = Inter-level travel turns spent in this place as a percentage of turns spent in this place.
 D = Turns resting spent in this place as a percentage of non-inter-level travel turns spent in this place.
 E = Turns spent auto-exploring this place as a percentage of non-inter-level travel turns spent in this place.
 F = Non-inter-level travel turns spent in this place divided by the number of levels of this place that you've seen.
                   A       B       C       D       E      F
               +-------+-------+-------+-------+-------+----------------------
         Total | 100.0 | 100.0 |   0.0 |  47.2 |  27.6 | 2660.0
       Dungeon | 100.0 | 100.0 |   0.0 |  47.2 |  27.6 | 2660.0
               +-------+-------+-------+-------+-------+----------------------

Table legend:
 A = Kills in this place as a percentage of kills in entire the game.
 B = Kills by you in this place as a percentage of kills by you in the entire game.
 C = Kills by friends in this place as a percentage of kills by friends in the entire game.
 D = Other kills in this place as a percentage of other kills in the entire game.
 E = Experience gained in this place as a percentage of experience gained in the entire game.
 F = Experience gained in this place divided by the number of levels of this place that you have seen.
                   A       B       C       D       E      F
               +-------+-------+-------+-------+-------+----------------------
         Total | 100.0 | 100.0 |   N/A |   N/A | 100.0 | 13561.0
       Dungeon | 100.0 | 100.0 |   N/A |   N/A | 100.0 | 13561.0
               +-------+-------+-------+-------+-------+----------------------
